Map: Arrecife abisal EE

Players

Digger

  • Race: Terran Terran
  • League: Master
  • Spawn Location: 11:00

JimRising - Winner!

  • Race: Zerg Zerg
  • League: Grandmaster
  • Spawn Location: 5:00

VOD

Have the link to the VOD?

Description

Time

  • Played on: April 20, 2017, 6:09 p.m.
  • Length: 14:09
Show
View Real Time Build Order
Export as new Build Order

Digger Terran 

Build Orders: Reaper Expand, Bio Mine 

Get SALT Encoding   

  12  0:01  SCV  
  13  0:13  SCV  
  14  0:17  Supply Depot  
  14  0:27  SCV  
  15  0:39  SCV  
  15  0:41  Barracks  
  16  0:47  Refinery  
  16  0:53  SCV  
  17  1:05  SCV  
  19  1:18  SCV  
  19  1:30  Orbital Command  
  19  1:31  Reaper  
  20  1:41  Command Center  
  20  1:52  Barracks  
  20  1:56  SCV  
  21  2:04  Barracks Reactor  
  22  2:08  SCV  
  22  2:10  Supply Depot  
  22  2:17  Refinery  
  22  2:20  SCV  
  23  2:27  Factory  
  23  2:32  SCV  
  24  2:41  Marine x2  
  24  2:42  Barracks Tech Lab  
  26  2:44  SCV  
  27  2:58  SCV  
  28  3:00  Marine x2  
  28  3:01  Stimpack  
  28  3:05  Orbital Command  
  30  3:10  SCV  
  31  3:14  Marine  
  31  3:18  Marine  
  33  3:22  Starport  
  33  3:24  SCV  
  33  3:25  Marine  
  35  3:30  Factory Reactor  
  35  3:31  SCV  
  36  3:42  Marine  
  36  3:43  Marine  
  36  3:45  Marine  
  36  3:47  SCV x2  
  41  3:52  Supply Depot  
  40  3:59  SCV x2  
  40  4:00  Marine  
  40  4:01  Marine  
  44  4:03  Marine  
  45  4:11  SCV  
  45  4:13  Medivac x2  
  45  4:15  Supply Depot  
  50  4:17  SCV  
  50  4:18  Marine  
  50  4:19  Supply Depot, Marine  
  50  4:23  SCV  
  54  4:36  Marine x2, SCV x2  
  58  4:44  Engineering Bay  
  58  4:46  Engineering Bay  
  58  4:49  SCV x2  
  60  4:54  Marine x2  
  60  4:56  Marine  
  60  4:59  Command Center  
  63  5:01  SCV x2  
  63  5:02  Combat Shields  
  63  5:05  Supply Depot, Refinery  
  65  5:12  Marine x2  
  65  5:13  SCV  
  65  5:14  Marine, SCV  
  69  5:20  Terran Infantry Weapons Level 1, Terran Infantry Armor Level 1  
  65  5:36  Marine x2  
  65  5:37  Marine, Medivac x2  
  65  5:39  SCV x2  
  74  5:49  Barracks x2, Factory Reactor  
  72  5:50  Barracks  
  72  5:51  SCV  
  72  5:53  SCV  
  72  5:54  Refinery  
  74  5:57  Supply Depot  
  74  5:59  Marine x2  
  74  6:01  Marine  
  74  6:03  SCV  
  78  6:11  SCV  
  79  6:13  Orbital Command  
  79  6:17  Marine x2, SCV  
  82  6:19  Marine  
  82  6:21  Armory  
  82  6:23  Supply Depot  
  83  6:30  Widow Mine x2  
  87  6:34  SCV  
  87  6:35  Marine x2  
  87  6:37  Marine  
  87  6:39  Barracks Reactor x2  
  91  6:40  Barracks Reactor  
  91  6:45  SCV  
  91  6:46  SCV  
  93  6:48  Supply Depot  
  93  6:49  Supply Depot  
  93  6:53  Orbital Command, Marine  
  90  6:56  Marine x2  
  90  6:57  Medivac x2  
  90  6:58  Concussive Shells, SCV x2  
  98  7:02  Widow Mine  
  100  7:10  Marine, SCV  
  100  7:14  Marine x3  
  98  7:21  SCV x2  
  98  7:22  Marine x2, SCV  
  93  7:23  Missile Turret  
  93  7:25  Marine x3  
  93  7:28  Marine  
  93  7:29  Missile Turret  
  95  7:32  Marine x3  
  94  7:38  SCV  
  94  7:39  Missile Turret  
  94  7:40  Marine  
  94  7:41  Widow Mine  
  94  7:42  Widow Mine  
  94  7:43  Medivac x2  
  104  7:45  Missile Turret  
  104  7:46  Marine, SCV x2  
  104  7:47  Marine x2  
  109  7:52  Factory  
  109  7:54  Marine x3  
  109  7:55  Marine x2  
  114  8:00  Marine  
  115  8:07  Marine x2  
  115  8:09  Supply Depot  
  117  8:16  SCV x2  
  117  8:19  Marine x2  
  121  8:20  SCV  
  121  8:21  Widow Mine  
  121  8:24  Supply Depot  
  121  8:25  Terran Infantry Weapons Level 2, Supply Depot, Marine  
  121  8:26  Terran Infantry Armor Level 2  
  125  8:30  Widow Mine, Marine x4  
  125  8:31  Marauder  
  125  8:32  Supply Depot  
  133  8:45  Marine x2, Medivac x2  
  133  8:47  Marine x2, SCV x2  
  137  8:55  Marine x2  
  139  8:56  Factory Tech Lab  
  139  8:59  Marine x2  
  136  9:03  Marine x2  
  136  9:05  Marine x2  
  136  9:06  Widow Mine x2  
  144  9:10  Marine  
  144  9:12  Barracks  
  144  9:15  Terran Vehicle Weapons Level 1, Barracks, Command Center  
  144  9:16  Drilling Claws  
  142  9:32  Marine  
  142  9:35  Marine x2  
  142  9:37  Marine x2  
  141  9:39  Supply Depot  
  141  9:40  Supply Depot  
  141  9:42  Supply Depot  
  141  9:43  Supply Depot  
  141  9:50  Supply Depot  
  141  9:51  Supply Depot  
  141  9:53  SCV, Marine x3, Medivac x2  
  149  10:00  Thor, Marine x2  
  149  10:01  Barracks Reactor, Barracks Tech Lab  
  149  10:02  Marine  
  158  10:07  Widow Mine x2, Marine  
  158  10:11  Marine, Reaper  
  165  10:20  Marauder  
  167  10:27  Marine x2, Medivac x2  
  172  10:33  Marauder, Marine x2  
  174  10:37  Marine x2  
  174  10:41  Marauder  
  165  10:44  Terran Infantry Weapons Level 3  
  165  10:48  Marine  
  165  10:49  Marine x2  
  168  10:50  Terran Infantry Armor Level 3  
  168  10:53  SCV x2  
  168  10:54  Refinery, SCV  
  171  11:08  Marine  
  171  11:09  Marauder, Marine x3  
  171  11:10  Thor  
  163  11:22  Missile Turret  
  163  11:23  Missile Turret, Planetary Fortress  
  163  11:25  Missile Turret  
  163  11:29  Marine x2  
  165  11:35  Marauder  
  160  11:40  Marauder, Marine x3  
  160  11:42  Marine  
  160  11:43  Unknown  
  159  11:47  Marine x3  
  159  11:53  Widow Mine x2  
  164  11:56  Marauder  
  164  11:57  Marine x2  
  164  11:58  Marine  
  164  11:59  Marine  
  164  12:01  Marine  
  166  12:02  Thor  
  172  12:09  Supply Depot  
  171  12:25  Missile Turret  
  158  12:48  Supply Depot x2  
  158  13:01  Supply Depot  
  158  13:02  Supply Depot x2  
  158  13:12  Supply Depot  
  158  13:24  Marine x5, Medivac  
  165  13:31  Marine x4  
  117  13:42  Marine x5  
  104  13:49  Marine x4  
  75  13:56  Unknown x2  
Show
View Real Time Build Order
Export as new Build Order

JimRising Zerg - Winner!

Build Orders: Pool First, Muta Ling Bane 

Get SALT Encoding   

  12  0:01  Drone  
  13  0:12  Overlord  
  13  0:17  Drone  
  14  0:30  Drone x2  
  14  0:35  Drone  
  17  0:46  Spawning Pool  
  16  0:50  Drone  
  16  0:54  Extractor  
  16  1:00  Drone  
  17  1:18  Hatchery  
  16  1:21  Drone  
  17  1:33  Queen  
  17  1:35  Zergling x2  
  17  1:38  Drone  
  21  1:47  Overlord  
  21  1:52  Drone  
  22  1:57  Metabolic Boost  
  22  2:09  Queen  
  22  2:15  Zergling x2  
  25  2:21  Drone x2  
  27  2:30  Drone  
  27  2:33  Pneumatized Carapace  
  28  2:40  Drone  
  29  2:47  Queen  
  29  2:51  Drone x3  
  33  2:55  Drone x2  
  35  3:02  Overlord  
  35  3:06  Overlord  
  35  3:21  Drone x2  
  35  3:22  Drone x4  
  41  3:32  Extractor  
  40  3:40  Drone x3  
  43  3:42  Zergling x2  
  43  3:44  Lair  
  43  3:53  Hatchery  
  42  3:59  Baneling Nest  
  42  4:00  Drone  
  42  4:03  Drone x3  
  42  4:04  Extractor  
  42  4:08  Drone  
  45  4:10  Extractor  
  45  4:11  Extractor  
  45  4:13  Zergling x2  
  45  4:14  Zergling x2  
  45  4:17  Drone  
  45  4:18  Drone x5  
  51  4:26  Overlord  
  51  4:30  Overlord  
  51  4:44  Overlord x3  
  51  4:46  Centrifical Hooks  
  51  4:52  Zergling x4  
  53  4:53  Baneling, Zergling x8  
  53  4:54  Baneling  
  53  4:55  Baneling  
  53  4:56  Baneling  
  53  4:57  Baneling  
  57  5:03  Zergling x4  
  57  5:05  Drone  
  57  5:06  Drone  
  61  5:12  Drone  
  62  5:18  Overlord  
  62  5:19  Drone x4  
  66  5:25  Drone  
  66  5:26  Spire  
  66  5:35  Drone x5  
  69  5:54  Drone x3, Extractor  
  69  5:55  Drone x3  
  69  5:56  Extractor  
  73  6:00  Drone x5  
  78  6:07  Baneling x3, Zergling x4  
  78  6:08  Zergling x2  
  81  6:20  Drone x4  
  81  6:21  Overlord  
  81  6:22  Overlord  
  81  6:23  Overlord, Hatchery  
  84  6:29  Baneling x2  
  84  6:40  Mutalisk  
  84  6:41  Mutalisk x7  
  84  6:43  Baneling  
  98  6:56  Mutalisk x2  
  98  6:57  Mutalisk  
  98  6:58  Zergling x10  
  106  7:21  Mutalisk x2  
  105  7:23  Mutalisk  
  105  7:29  Baneling x11  
  107  7:39  Zerg Flyer Weapons Level 1  
  107  7:41  Queen  
  109  7:45  Drone x2, Zergling x10, Evolution Chamber  
  109  7:46  Evolution Chamber, Zergling x4  
  109  7:47  Baneling  
  109  7:48  Baneling x5  
  116  7:53  Zergling x8  
  116  7:54  Overlord x4  
  116  7:55  Overlord, Extractor  
  119  8:06  Overlord x2  
  119  8:07  Overlord  
  119  8:14  Zerg Melee Weapons Level 1, Drone, Zerg Ground Armor Level 1  
  119  8:15  Drone x2  
  119  8:16  Drone x2  
  119  8:17  Drone, Extractor  
  119  8:19  Baneling  
  124  8:20  Baneling x12  
  124  8:21  Baneling  
  124  8:25  Zergling x8  
  128  8:29  Zergling x6  
  128  8:32  Drone  
  132  8:40  Hatchery  
  130  8:45  Zergling x18  
  130  8:48  Mutalisk  
  136  9:03  Mutalisk x2  
  136  9:04  Mutalisk x5  
  150  9:17  Mutalisk x2  
  150  9:22  Baneling  
  150  9:23  Baneling x9  
  155  9:24  Zergling x10  
  155  9:25  Zergling x8  
  159  9:45  Zerg Flyer Weapons Level 2  
  159  9:47  Drone x3  
  159  9:48  Drone x2  
  163  9:55  Zergling x2  
  163  9:56  Zergling x28  
  163  9:58  Baneling  
  163  9:59  Baneling x7  
  177  10:05  Zergling x4  
  177  10:06  Zergling x4  
  181  10:08  Overlord  
  181  10:23  Overlord  
  181  10:24  Overlord  
  181  10:26  Mutalisk  
  181  10:27  Overlord  
  181  10:28  Overlord x2  
  172  10:43  Mutalisk x6  
  172  10:44  Mutalisk  
  172  10:48  Zerg Melee Weapons Level 2, Zerg Ground Armor Level 2  
  186  10:50  Drone x4  
  186  10:51  Drone x2  
  186  10:52  Drone  
  193  11:00  Drone  
  193  11:01  Drone  
  193  11:02  Infestation Pit, Extractor  
  193  11:03  Extractor  
  189  11:16  Overseer x2  
  190  11:18  Zergling x2  
  190  11:19  Zergling x6  
  190  11:24  Baneling  
  190  11:25  Baneling x20  
  193  11:26  Baneling x7  
  193  11:30  Zergling x6  
  193  11:31  Zergling x6  
  187  12:14  Zergling x18  
  187  12:15  Zergling x8  
  200  12:19  Overseer x2  
  200  12:20  Baneling  
  200  12:21  Baneling x17  
  200  12:22  Baneling x2  
  196  12:41  Mutalisk  
  196  12:42  Mutalisk x4  
  200  12:50  Drone x2, Spine Crawler x3  
  200  12:51  Drone x2, Spine Crawler  
  200  12:52  Spine Crawler x4  
  200  12:53  Spine Crawler x2  
  200  12:54  Spine Crawler  
  200  12:55  Spine Crawler x2  
  200  12:58  Hive  
  191  13:00  Spine Crawler  
  190  13:07  Baneling  
  190  13:08  Baneling x11  
  190  13:10  Drone  
  190  13:11  Drone x6  
  190  13:12  Drone x3  
  181  13:38  Zergling x2  
  181  13:39  Zergling x26  
  181  13:40  Zergling x12  
  181  13:41  Baneling x17  
  186  13:42  Baneling x4  
Tags
 
Add a new tag
Caveats
  • Supply blocks, unpowered buildings, or Contaminate may cause inaccurate times.
  • Supply counts are checked every 10 seconds.